 Dungeon Crawl Stone Soup version 0.28-a0-793-g31680bbd8b (webtiles) character file.

Game seed: 10634902444363621165

192 ytrimaz the Skirmisher (level 5, -3/43 HPs)
             Began as a Demonspawn Berserker on Nov 4, 2021.
             Was a Priest of Trog.
             Slain by Pargi (7 damage)
             ... in a sewer.
             The game lasted 00:04:11 (3244 turns).

ytrimaz the Skirmisher (Demonspawn Berserker)       Turns: 3244, Time: 00:04:12

Health: -3/43      AC:  3    Str: 18    XL:     5   Next: 42%
Magic:  5/5        EV: 12    Int:  8    God:    Trog [***...]
Gold:   103        SH:  4    Dex: 13    Spells: 4/4 levels left

rFire   . . .      SeeInvis .   a - +1 hand axe
rCold   . . .      Faith    .   (no shield)
rNeg    . . .      Spirit   .   b - +1 animal skin
rPois   .          Reflect  .   (helmet restricted)
rElec   .          Harm     .   (no cloak)
rCorr   .          Rampage  .   h - +0 pair of gloves
Will    .....                   (no boots)
Stlth   +.........              (no amulet)
HPRegen 0.00/turn               (no ring)
MPRegen 0.09/turn               (no ring)

@: mighty, on berserk cooldown, attractive, inhibited regen, slowed, very slow
A: antennae 1, condensation shield, deformed body, inhibited regeneration
a: Renounce Religion, Berserk, Trog's Hand


You were in a sewer.
You worshipped Trog.
Trog was most pleased with you.
You visited 1 branch of the dungeon, and saw 3 of its levels.
You also visited: Sewer.

You collected 103 gold pieces.

Inventory:

Hand Weapons
 a - a +1 hand axe (weapon)
Armour
 b - a +1 animal skin (worn)
 h - a +0 pair of gloves (worn)
Jewellery
 i - a ring of protection from cold
Scrolls
 c - 2 scrolls of blinking
 k - a scroll of enchant armour
Potions
 d - a potion of heal wounds {unknown}
 e - a potion of attraction
 f - 3 potions of mutation
 g - 2 potions of might
 l - a potion of lignification {unknown}


   Skills:
 * Level 4.3 Fighting
 * Level 4.0 Axes
 * Level 2.3 Armour
 * Level 2.6 Dodging


You had 4 spell levels left.
You didn't know any spells.
Your spell library was empty.

Dungeon Overview and Level Annotations

Branches:
Dungeon (3/15)              Sewer (1/1)

Altars:

Shops:
D:3 (

Annotations:
Sewer Pargi


Innate Abilities, Weirdness & Mutations

You have a pair of small antennae on your head.
A meltable shield of frost defends you. (SH +4)
Armour fits poorly on your strangely shaped body.
You do not regenerate when monsters are visible.


Message History

Pargi is severely wounded.
You are no longer berserk.
You are exhausted.
You feel yourself slow down. Pargi barely misses you.
You block Pargi's attack. x2
You closely miss Pargi.
Pargi is severely wounded.
Pargi closely misses you. Pargi claws you but does no damage.
Pargi barely misses you.
Your unstable footing causes you to fumble your attack.
Pargi closely misses you. x2; Pargi claws you.
Pargi bites you. Pargi claws you. You block Pargi's attack.
Your unstable footing causes you to fumble your attack.
You feel the effects of Trog's Hand fading.
Pargi completely misses you. Pargi closely misses you. Pargi misses you.
Pargi clenches his claws.
Pargi bites you!
* * * LOW HITPOINT WARNING * * *
Pargi claws you but does no damage. Pargi barely misses you.
You feel very mighty all of a sudden. Pargi bites you.
* * * LOW HITPOINT WARNING * * *
You block Pargi's attack. Pargi closely misses you.
It was a potion of attraction.
You feel attractive to monsters. Pargi bites you but does no damage.
Pargi claws you but does no damage. Pargi barely misses you.
Pargi clenches his claws.
Pargi closely misses you. Pargi claws you.
* * * LOW HITPOINT WARNING * * *
Pargi claws you.
* * * LOW HITPOINT WARNING * * *
It was a potion of mutation.
You feel extremely strange.
Your body twists and deforms.
Your regeneration stops near monsters.
Pargi closely misses you. Pargi claws you but does no damage.
Pargi barely misses you.
Okay, then.
Your unstable footing causes you to fumble your attack.
Your skin stops crawling.
You feel less strong-willed.
You block Pargi's attack. x2; Pargi barely misses you.
Pargi bites you!
You die...

≈≈≈≈≈ ≈≈≈≈≈≈≈ ≈≈≈≈≈≈≈
≈≈≈≈≈≈≈ ≈≈≈≈≈≈.## #
≈≈≈≈≈≈≈.. ##
≈≈≈≈≈≈≈≈#######! #.
≈≈≈≈≈≈≈≈@T≈.≈≈≈. ##
≈≈≈≈≈≈≈≈#######!
≈≈≈≈≈≈≈≈# ≈≈≈≈≈≈≈≈#
≈≈≈≈≈≈≈.## ≈≈≈≈≈≈≈≈≈### #
≈≈≈≈≈≈≈≈≈≈≈#### ####
#≈≈≈≈≈≈≈≈≈≈≈..## ##.≈.
##≈≈≈≈≈≈≈≈≈≈≈.≈######.#≈≈


You could see Pargi.

Vanquished Creatures
  An orc priest (D:3)
  2 orc wizards (D:2)
  Robin (D:2)
  2 adders (D:2)
  3 dart slugs (D:1)
  6 orcs
  5 bats
  4 endoplasms
  3 giant cockroaches
  6 hobgoblins
  6 kobolds
  A quokka (D:1)
  7 ball pythons
  8 frilled lizards
  14 goblins
  2 rats
71 creatures vanquished.

Notes
Turn   | Place    | Note
-------+----------+-------------------------------------------
     0 | D:1      | ytrimaz the Demonspawn Berserker began the quest for the
                  | Orb.
     0 | D:1      | Reached XP level 1. HP: 18/18 MP: 1/1
   311 | D:1      | Gained mutation: You have a pair of small antennae on your
                  | head. [demonic ancestry]
   311 | D:1      | Reached XP level 2. HP: 24/24 MP: 2/2
   829 | D:1      | Reached ** piety under Trog
   835 | D:1      | Reached XP level 3. HP: 11/29 MP: 3/3
  1228 | D:1      | Found a faded altar of an unknown god.
  1781 | D:2      | Reached XP level 4. HP: 14/37 MP: 4/4
  2174 | D:2      | Noticed Robin
  2192 | D:2      | Killed Robin
  2348 | D:2      | Gained mutation: A meltable shield of frost defends you.
                  | (SH +4) [demonic ancestry]
  2348 | D:2      | Reached XP level 5. HP: 27/42 MP: 5/5
  2646 | D:3      | Found Goofo's Weapon Emporium.
  2894 | D:3      | Found a glowing drain.
  2908 | D:3      | Reached *** piety under Trog
  2911 | D:3      | HP: 2/43 [kobold (2)]
  3142 | Sewer    | Entered a sewer
  3219 | Sewer    | Noticed Pargi
  3242 | Sewer    | HP: 2/43 [Pargi (4)]
  3243 | Sewer    | Gained mutation: Armour fits poorly on your strangely
                  | shaped body. [potion of mutation]
  3243 | Sewer    | Gained mutation: You do not regenerate when monsters are
                  | visible. [potion of mutation]
  3244 | Sewer    | Slain by Pargi

Illustrated notes

Levels and vault maps discovered:
D:1:      dpeg_arrival_shelter, layout_rooms,
          hellmonk_ecumenical_altar_inner_sanctum
D:2:      layout_basic, uniq_robin
D:3:      layout_basic, cheibrodos_sewer_entry_drain, serial_shops, shop_statue,
          minmay_misc_feat_enclosed, corexii_hall_statues_s,
          kennysheep_generic_room_8
Sewer:    sewer_co_pargi_island

Skill      XL: |  1  2  3  4  5 |
---------------+----------------+-----
Axes           | 3 4 |  4.0
Armour         | 2 |  2.3
Dodging        | 2 |  2.6
Fighting       | 4 |  4.3

Action                   |  1- 3 |  4- 6 || total
-------------------------+-------+-------++-------
Melee: Hand axe          |   111 |   108 ||   219
Invok: Berserk           |     1 |     4 ||     5
       Trog's Hand       |     1 |     1 ||     2
  Use: Scroll            |     3 |     1 ||     4
       Potion            |       |     3 ||     3
 Stab: Sleeping          |       |     1 ||     1
Armor: Animal skin       |    20 |    34 ||    54
Dodge: Dodged            |    78 |    86 ||   164
Block: Other             |       |    23 ||    23

Table legend: (Time is in decaauts)
 A = Elapsed time spent in this place.
 B = Non-inter-level travel time spent in this place.
 C = Inter-level travel time spent in this place.
 D = Time resting spent in this place.
 E = Time spent auto-exploring this place.
 F = Levels seen in this place.
 G = Mean time per level.
                   A        B        C        D        E       F      G
               +--------+--------+--------+--------+--------+-----+--------+
         Total |   3322 |   3278 |     44 |    380 |   2360 |   4 |  830.5 |
       Dungeon |   3206 |   3162 |     44 |    368 |   2322 |   3 | 1068.7 |
         Sewer |    115 |    115 |      0 |     12 |     38 |   1 |  115.0 |
               +--------+--------+--------+--------+--------+-----+--------+

Top non-repeatable levels by time:
     D:1: 1488 daAuts
     D:2: 1192 daAuts
     D:3: 525 daAuts
   Sewer: 115 daAuts
